 Dungeon Crawl Stone Soup version 0.17-a0-1719-g1afd5a1 (webtiles) character file.

322402 kae the Axe Maniac (level 21, 0/186 HPs)
             Began as a Hill Orc Fighter on Aug 28, 2015.
             Was the Champion of Qazlal.
             Killed from afar by a starcursed mass (5 damage)
             ... with an accursed screaming
             ... on level 1 of the Abyss.
             The game lasted 01:28:38 (44018 turns).

kae the Axe Maniac (Hill Orc Fighter)              Turns: 44018, Time: 01:28:38

Health: 0/186      AC: 32    Str: 31    XL:     21   Next: 55%
Magic:  0/45       EV:  8    Int: 12    God:    Qazlal [******]
Gold:   3486       SH: 16    Dex: 13    Spells: 0 memorised, 20 levels left

rFire  . . .     SeeInvis .     y - +7 broad axe (vamp)
rCold  + . .     Rnd*Rage +     C - +3 plate armour {rC+}
rNeg   . . .     SustAt   .     n - +2 buckler {AC+3}
rPois  +         Gourm    .     B - +2 hat {MR+}
rElec  +         Spirit   +     Y - +1 cloak "Rishoss" {rElec}
rCorr  .         Warding  .     H - +0 pair of gloves {Dex+3}
rMut   .         Stasis   .     R - +1 pair of boots
MR     ++...                    d - amulet "Ilajept" {Spirit MP+9 Int+4 Slay+2}
Stlth  ..........               k - ring of poison resistance
                                z - +4 ring of protection

@: about to teleport, protected from physical damage, very slightly
contaminated, repel missiles, very resistant to hostile enchantments, extremely
unstealthy
A: berserk 1, deformed body, frail 1, strong 1, no device heal 1
a: Upheaval, Elemental Force, Disaster Area, Renounce Religion
}: 2/15 runes: decaying, gossamer


You were on level 1 of the Abyss.
You worshipped Qazlal.
Qazlal was exalted by your worship.
You were not hungry.

You visited 7 branches of the dungeon, and saw 40 of its levels.
You visited the Abyss 1 time.
You also visited: Ice Cave.

You collected 4696 gold pieces.
You spent 1210 gold pieces at shops.

Inventory:

Hand weapons
 y - a +7 vampiric broad axe (weapon)
Missiles
 Q - 4 throwing nets (quivered)
Armour
 n - a +2 buckler of protection (worn)
 B - a +2 hat of magic resistance (worn)
 C - a +3 plate armour of cold resistance (worn)
 H - a +0 pair of gloves of dexterity (worn)
 R - a +1 pair of boots (worn)
 Y - the +1 cloak "Rishoss" (worn) {rElec}
   (You found it on level 6 of the Lair of Beasts)

   It insulates you from electricity.
Jewellery
 c - an uncursed ring of positive energy
 d - the amulet "Ilajept" (around neck) {Spirit MP+9 Int+4 Slay+2}
   (You found it on level 1 of the Lair of Beasts)

   [amulet of guardian spirit]

   It causes incoming damage to be split between your health and magic.
   It affects your intelligence (+4).
   It affects your accuracy and damage with ranged weapons and melee attacks
   (+2).
   It affects your magic capacity (+9).
 k - a ring of poison resistance (right hand)
 p - an uncursed ring of protection from fire
 x - an uncursed ring of protection from cold
 z - a +4 ring of protection (left hand)
 F - an uncursed ring of protection from fire
 G - an uncursed ring of ice
 I - a +2 ring of dexterity
 N - an uncursed ring of sustain attributes
 O - the amulet of Peameyro {+Rage Int+3 SInv}
   (You found it on level 14 of the Dungeon)

   [amulet of rage]

   It affects your intelligence (+3).
   It lets you see invisible.
   It lets you go berserk.
Magical devices
 b - a wand of teleportation (8)
 l - a wand of polymorph (12)
 o - a wand of disintegration (10)
 v - a wand of lightning (5)
 E - a wand of teleportation (2)
 W - a wand of digging (8)
Scrolls
 a - 3 scrolls of identify
 i - 13 scrolls of remove curse
 t - a scroll of enchant weapon
 A - 3 scrolls of fear
 J - 4 scrolls of fog
 K - 2 scrolls of blinking
 Z - 3 scrolls of teleportation
Potions
 e - 6 potions of flight
 g - 13 potions of curing
 h - 4 potions of cancellation
 j - 3 potions of berserk rage
 q - 2 potions of heal wounds
 r - 3 potions of lignification
 s - 10 potions of haste
 u - 3 potions of cure mutation
 w - 3 potions of invisibility
 D - 11 potions of ambrosia
 L - 5 potions of agility
 P - 5 potions of resistance
Comestibles
 f - 19 meat rations


   Skills:
 + Level 22.0 Fighting
 O Level 27 Axes
 - Level 13.0 Armour
 - Level 8.2 Shields
 - Level 22.0 Invocations


You had 20 spell levels left.
You didn't know any spells.

Dungeon Overview and Level Annotations

Branches:
Dungeon (15/15)            Temple (1/1) D:7            Lair (8/8) D:10
  Swamp (4/4) Lair:5       Spider (4/4) Lair:6        Slime (0/6) Lair:8
    Orc (4/4) D:12            Elf (0/3) Orc:4        Vaults (4/5) D:13
  Crypt (0/3) Vaults:3     Depths (0/5) D:15

Altars:
Ashenzari
Cheibriados
Dithmenos
Elyvilon
Fedhas
Gozag
Kikubaaqudgha
Makhleb
Nemelex Xobeh
Okawaru
Qazlal
Ru
Sif Muna
Trog
Vehumet
Xom
Yredelemnul
Zin
The Shining One
Beogh

Shops:
D:7 (   D:13 *   Orc:1 !   Orc:2 *!%   Orc:4 *(?=   Vaults:2 [


Innate Abilities, Weirdness & Mutations

You tend to lose your temper in combat.
Armour fits poorly on your strangely shaped body.
You are frail (-10% HP).
Your muscles are strong. (Str +2)
Potions and wands are less effective at restoring your health.


Message History

* * * LOW HITPOINT WARNING * * *
The spatial maelstrom hits you but does no damage.
The spatial maelstrom is engulfed in roaring flames.
Unknown command.
Read which item? (? for menu, Esc to quit)
Blink to where?
Press: ? - help, Dir - move target cursor You are very lightly contaminated with residual magic.
As you read the scroll of blinking, it crumbles to dust.
The tentacled monstrosity is engulfed in roaring flames.
The starcursed mass shrieks in your mind.
* * * LOW HITPOINT WARNING * * *
A spatial vortex comes into view.
You block the spatial maelstrom's attack.
The spatial maelstrom hits you.
* * * LOW HITPOINT WARNING * * *
Space bends around you.
* * * LOW HITPOINT WARNING * * *
The starcursed mass shrieks in your mind.
You die...

. . # ##.## ##
.#.v #.# .X..# ###
###v #.#..#
#.###.#v#v#v.X.##.
#.##....XXX.##....
#@##.##..##....##.
#Xv§.##.# #... .#
#..3v.X.# .. ...v
##.#.#### #####.
#..#.#.# ##
3.##...#... ..
#.#.# ...# . .##.#
#.## #. ... #.


You could see a starcursed mass, a tentacled monstrosity, a spatial maelstrom, a
spatial vortex and a ynoxinul.

Vanquished Creatures
  Mara (Swamp:3)
  Norris (Spider:2)
  A bone dragon (Abyss:1)
  Arachne (Spider:2)
  Jorgrun (Swamp:3)
  A lich (Vaults:3)
  An Ice Fiend (IceCv)
  A sphinx (Vaults:2)
  An Executioner (Abyss:1)
  A tentacled starspawn (Abyss:1)
  2 thorn hunters
  Gastronok (D:9)
  Agnes (D:15)
  Frances (Spider:2)
  A storm dragon (Vaults:2)
  Kirke (Swamp:3)
  A tengu reaver (Vaults:2)
  Roxanne (D:14)
  An azure jelly (Swamp:4)
  A frost giant (Vaults:3)
  Donald (Orc:3)
  A fire giant (Vaults:2)
  Maud (Orc:2)
  A balrug (Abyss:1)
  4 ghost moths
  Louise (Spider:4)
  3 orc warlords
  6 emperor scorpions
  6 vault wardens
  An angel (Abyss:1)
  12 ironheart preservers
  2 stone giants
  3 deep elf demonologists
  Nessos (Lair:8)
  9 starcursed masses (Abyss:1)
  A green death (Abyss:1)
  2 deep elf death magi (Vaults:3)
  Snorg (Lair:3)
  Josephine (D:14)
  3 fire dragons
  A great orb of eyes (Vaults:2)
  7 vault guards
  Erolcha (D:13)
  3 yaktaur captains
  5 ice dragons
  Harold (Orc:4)
  9 hydras
  4 entropy weavers
  2 rakshasas
  A ghost crab (Swamp:3)
  6 centaur warriors
  A dancing weapon (Vaults:3)
  6 ogre magi
  5 alligators
  3 deep troll shamans
  3 death yaks (Lair:6)
  4 deep troll earth magi
  6 orc high priests (Orc:4)
  A tengu warrior (D:13)
  3 thrashing horrors (Abyss:1)
  Urug (Orc:2)
  6 spriggans
  Nergalle (D:11)
  2 deep elf knights
  2 sun demons (Abyss:1)
  5 ice devils (IceCv)
  The ghost of dadoka the Martial Artist, an experienced OpTm of Ashenzari (D:9)
  2 shadow wraiths (Vaults:2)
  5 skeletal warriors (D:14)
  A giant orange brain (D:15)
  3 spriggan druids
  A deep elf summoner (Vaults:2)
  24 deep trolls
  5 swamp dragons
  An ice statue (IceCv)
  2 unseen horrors
  2 lindwurms (Lair:8)
  2 necromancers
  6 hill giants
  A shambling mangrove (Swamp:3)
  A flayed ghost (Vaults:3)
  2 deep elf conjurers
  A wizard (D:14)
  11 orc knights
  3 wolf spider zombies
  5 oklob plants
  3 phantasmal warriors
  26 wolf spiders
  15 orb spiders
  7 orc sorcerers
  6 ironbrand convokers
  33 ugly things
  A shining eye (shapeshifter) (Vaults:1)
  6 griffons
  2 black mambas
  A sixfirhy (Abyss:1)
  A mana viper (shapeshifter) (D:15)
  9 cyclopes
  2 guardian serpents (shapeshifter) (D:15)
  2 moths of wrath
  7 vault sentinels
  15 elephants
  3 centaur zombies
  An orange demon (Abyss:1)
  9 hornets
  18 spiny frogs
  6 large abominations (Abyss:1)
  9 torpor snails
  3 centaur skeletons
  9 komodo dragons
  5 efreet
  A yaktaur (shapeshifter) (D:15)
  2 anaconda simulacra (IceCv)
  A tormentor (Abyss:1)
  A hellwing (Abyss:1)
  3 kobold demonologists
  11 freezing wraiths
  2 smoke demons (Abyss:1)
  A golden dragon simulacrum (IceCv)
  3 tengu conjurers
  8 demonic crawlers
  23 yaktaurs
  A blue devil (IceCv)
  4 deep elf priests
  2 fire drakes
  12 trolls
  12 two-headed ogres
  22 blink frogs
  A polar bear (shapeshifter) (D:15)
  12 giant leeches
  11 bog bodies
  Grinder (D:6)
  25 jumping spiders
  6 polar bears (D:12)
  18 slime creatures
  A trapdoor spider zombie (D:11)
  5 boulder beetles
  12 deep elf magi
  A flying skull (Vaults:3)
  7 wyverns
  29 trapdoor spiders
  59 redbacks
  5 dire elephant simulacra (IceCv)
  78 yaks
  4 shadows
  5 small abominations (Abyss:1)
  3 basilisks
  28 tarantellas
  A ynoxinul (Abyss:1)
  9 hippogriffs
  8 wraiths
  11 deep elf fighters
  18 vampire mosquitoes
  A hog (D:12)
  3 humans (Swamp:3)
  Grum (Lair:1)
  A chaos spawn (Abyss:1)
  4 swamp worm simulacra (Swamp:4)
  A golden eye (Abyss:1)
  3 hungry ghosts
  2 human simulacra
  7 wolves
  2 neqoxecs (Abyss:1)
  2 mottled dragons (Vaults:1)
  2 spatial vortices (Abyss:1)
  A naga (shapeshifter) (Vaults:2)
  25 swamp worms
  7 harpy simulacra (IceCv)
  An iron troll simulacrum (IceCv)
  A warg (shapeshifter) (Vaults:3)
  2 wargs
  6 insubstantial wisps
  16 hydra simulacra
  6 ice beasts
  70 orc warriors
  The ghost of kae the Firebug, an average TeFE (D:3)
  5 sky beasts
  8 porcupines
  12 water moccasins
  2 hell hounds (Abyss:1)
  16 wasps
  8 black bears
  33 spiders
  2 necrophages
  17 crocodiles
  4 phantoms
  16 centaurs
  9 swamp drakes
  4 boggarts
  37 ogres
  4 big kobolds
  A big kobold (shapeshifter) (D:15)
  A human zombie (Vaults:2)
  5 brain worms (Lair:8)
  A wyvern zombie (D:10)
  A gnoll sergeant (Orc:2)
  19 giant frogs
  A human skeleton (Vaults:2)
  A water moccasin zombie (D:9)
  A scorpion (D:9)
  2 wyvern skeletons
  A jelly (D:12)
  12 killer bees
  7 crimson imps
  A quasit (Abyss:1)
  3 electric eels
  2 giant frog zombies
  A wight (Vaults:3)
  49 orc priests
  3 giant frog skeletons
  10 hounds
  17 iguanas
  2 draconian simulacra (IceCv)
  13 worker ants
  3 spriggan simulacra (IceCv)
  36 orc wizards
  A troll simulacrum (IceCv)
  23 sheep
  A wolf simulacrum (IceCv)
  3 centaur simulacra (IceCv)
  A hound zombie (D:3)
  A hound skeleton (D:6)
  A naga simulacrum (IceCv)
  5 ogre simulacra (IceCv)
  8 adders
  29 river rats
  4 shadow imps
  21 white imps
  A giant eyeball (shapeshifter) (D:10)
  4 swamp drake simulacra (Swamp:4)
  5 ufetubi
  An ooze (D:3)
  18 worms
  2 adder skeletons
  3 adder zombies (D:9)
  5 giant geckos
  352 orcs
  14 bats
  6 giant cockroaches
  6 hobgoblins
  5 quokkas
  2 ball pythons
  5 giant newts
  7 goblins
  12 jackals
  24 kobolds
  A quokka skeleton (D:5)
  A quokka zombie (D:8)
  14 rats
  14 briar patches
  5 bushes (Lair:8)
  A butterfly (Lair:1)
  58 fungi
  A lurking horror (Abyss:1)
  66 plants
2181 creatures vanquished.

Vanquished Creatures (others)
  2 spiny frogs (Swamp:4)
  An orc (Orc:4)
  A briar patch (Swamp:3)
  3 bushes
  43 fungi
  A lurking horror (Abyss:1)
  24 plants
  3 starspawn tentacles (Abyss:1)
  35 starspawn tentacle segments (Abyss:1)
113 creatures vanquished.

Grand Total: 2294 creatures vanquished

Notes
Turn   | Place    | Note
--------------------------------------------------------------
     0 | D:1      | kae the Hill Orc Fighter began the quest for the Orb.
     0 | D:1      | Reached XP level 1. HP: 19/19 MP: 1/1
   154 | D:1      | Reached XP level 2. HP: 24/26 MP: 2/2
   472 | D:1      | Reached skill level 4 in Axes
  1086 | D:2      | You fall through a shaft for 2 floors!
  1106 | D:4      | Reached XP level 3. HP: 27/31 MP: 3/3
  1178 | D:4      | Reached skill level 5 in Axes
  1178 | D:4      | Reached XP level 4. HP: 39/39 MP: 4/4
  1207 | D:4      | Reached skill level 6 in Axes
  1394 | D:4      | Noticed a phantom
  1433 | D:4      | Killed a phantom
  1433 | D:4      | Reached skill level 7 in Axes
  1433 | D:4      | Reached XP level 5. HP: 25/45 MP: 5/5
  1598 | D:4      | Reached skill level 8 in Axes
  1598 | D:4      | Reached XP level 6. HP: 49/51 MP: 6/6
  1673 | D:3      | Noticed kae's ghost (average TeFE)
  1692 | D:3      | Killed kae's ghost
  1692 | D:3      | Reached skill level 9 in Axes
  1760 | D:3      | Found a burning altar of Makhleb.
  2237 | D:2      | Found a shadowy altar of Dithmenos.
  3123 | D:4      | Found a glowing silver altar of Zin.
  3124 | D:4      | Found an opulent altar of Gozag.
  3440 | D:4      | Found a white marble altar of Elyvilon.
  3440 | D:4      | Found a deep blue altar of Sif Muna.
  3490 | D:4      | Reached XP level 7. HP: 57/57 MP: 7/7
  3951 | D:5      | Entered Level 5 of the Dungeon
  3986 | D:5      | Got a brightly glowing pewter ring
  4432 | D:5      | Reached skill level 10 in Axes
  4564 | D:5      | Reached skill level 11 in Axes
  5026 | D:5      | Found a deep blue altar of Sif Muna.
  5063 | D:5      | Reached XP level 8. HP: 61/64 MP: 8/8
  5564 | D:6      | Reached skill level 12 in Axes
  5653 | D:6      | Identified the ring "Arucia" {+Fly rF+ MR+ MP+9 Slay-4} (You found it on level 5 of the Dungeon)
  5806 | D:6      | Reached skill level 13 in Axes
  5973 | D:6      | Noticed Grinder
  5981 | D:6      | Killed Grinder
  6227 | D:7      | Reached skill level 14 in Axes
  6227 | D:7      | Reached XP level 9. HP: 67/70 MP: 9/9
  6331 | D:7      | Found Zeer's Antique Weapon Shoppe.
  6859 | D:7      | Found a staircase to the Ecumenical Temple.
  6865 | Temple   | Entered the Ecumenical Temple
  7070 | Temple   | Became a worshipper of Qazlal Stormbringer
  7120 | D:7      | Reached skill level 15 in Axes
  7951 | D:8      | Reached skill level 16 in Axes
  8114 | D:8      | Reached skill level 1 in Invocations
  8628 | D:8      | Acquired Qazlal's first power
  8788 | D:9      | Reached skill level 5 in Invocations
  8815 | D:9      | Reached XP level 10. HP: 60/77 MP: 12/14
  9349 | D:9      | Noticed Gastronok
  9796 | D:8      | Acquired Qazlal's second power
  9832 | D:8      | Reached skill level 10 in Invocations
 10374 | D:9      | Noticed dadoka's ghost (experienced OpTm)
 10378 | D:9      | Killed dadoka's ghost
 10395 | D:9      | Reached XP level 11. HP: 72/82 MP: 9/20
 10467 | D:9      | Identified a scroll of acquirement
 11239 | D:9      | Killed Gastronok
 11239 | D:9      | Reached skill level 17 in Axes
 11426 | D:10     | Entered Level 10 of the Dungeon
 11513 | D:10     | Acquired Qazlal's third power
 11594 | D:10     | Found a staircase to the Lair.
 11800 | D:10     | Acquired Qazlal's fourth power
 11927 | D:10     | Noticed a phantasmal warrior
 11935 | D:10     | Killed a phantasmal warrior
 11935 | D:10     | Reached skill level 18 in Axes
 12160 | D:10     | Noticed a hill giant
 12172 | D:10     | Killed a hill giant
 12172 | D:10     | Reached skill level 19 in Axes
 12172 | D:10     | Reached XP level 12. HP: 28/90 MP: 4/21
 12489 | D:10     | Noticed a stone giant
 12505 | D:10     | Killed a stone giant
 12690 | D:10     | Noticed a centaur warrior
 12707 | D:10     | Killed a centaur warrior
 12779 | D:10     | Reached skill level 20 in Axes
 13296 | D:11     | Noticed Nergalle
 13350 | D:11     | Reached skill level 5 in Fighting
 13378 | D:11     | HP: 1/94 [spectral orc knight/enchanted battleaxe[Nergalle] (11)]
 13745 | D:11     | Reached skill level 5 in Armour
 14019 | D:12     | Acquired Qazlal's fifth power
 14127 | D:12     | Found a staircase to the Orcish Mines.
 14168 | D:12     | Noticed a four-headed hydra
 14590 | D:12     | Reached XP level 13. HP: 103/105 MP: 20/22
 14661 | D:12     | Found a huge runed gate.
 14662 | D:12     | Found a huge runed gate.
 14663 | D:12     | Found a huge runed gate.
 14664 | D:12     | Found a huge runed gate.
 14961 | D:12     | Killed a 12-headed hydra
 15207 | Lair:1   | Entered Level 1 of the Lair of Beasts
 15343 | Lair:1   | Noticed Grum
 15360 | Lair:1   | Killed Grum
 15757 | Lair:1   | Got a wavering steel amulet
 16136 | Lair:2   | Reached skill level 10 in Fighting
 16997 | Lair:3   | Noticed Snorg
 17016 | Lair:3   | Killed Snorg
 17016 | Lair:3   | Reached skill level 10 in Armour
 17103 | Lair:3   | Identified the amulet "Ilajept" {Spirit MP+9 Int+4 Slay+2} (You found it on level 1 of the Lair of Beasts)
 17937 | Lair:4   | Reached XP level 14. HP: 124/124 MP: 23/23
 18769 | Lair:5   | Found a staircase to the Swamp.
 19947 | Lair:6   | Found a hole to the Spider Nest.
 21289 | Lair:8   | Entered Level 8 of the Lair of Beasts
 21366 | Lair:8   | Noticed Nessos
 21397 | Lair:8   | Killed Nessos
 21456 | Lair:8   | Found a runed door.
 21668 | Lair:8   | Reached XP level 15. HP: 138/138 MP: 24/24
 21951 | Lair:8   | Reached skill level 21 in Axes
 22069 | Lair:8   | Found a staircase to the Slime Pits.
 22763 | Orc:1    | Entered Level 1 of the Orcish Mines
 22763 | Orc:1    | Found Ihampetri's Distillery.
 22806 | Orc:1    | Bought a potion of lignification for 36 gold pieces
 23123 | Orc:2    | Found Pofeergh's Distillery.
 23160 | Orc:2    | Bought a potion of mutation for 32 gold pieces
 23259 | Orc:2    | Found Siomoc's Assorted Antiques.
 23279 | Orc:2    | Bought a slimy war axe for 187 gold pieces
 23338 | Orc:2    | Identified the cursed +3 war axe of Checks and Balances {freeze, *Drain rF+++ Int+3 Dex+4} (You bought it in a shop on level 2 of the Orcish Mines)
 23644 | Orc:2    | Found Sir Huav's Food Shop.
 23648 | Orc:2    | Noticed Maud
 23660 | Orc:2    | Killed Maud
 23743 | Orc:2    | Noticed Urug
 23754 | Orc:2    | Killed Urug
 23766 | Orc:2    | Found a roughly hewn altar of Beogh.
 24258 | Orc:3    | Noticed Donald
 24273 | Orc:3    | Killed Donald
 24492 | Orc:3    | Reached skill level 22 in Axes
 24797 | Orc:4    | Entered Level 4 of the Orcish Mines
 24964 | Orc:4    | Noticed Harold
 24984 | Orc:4    | Killed Harold
 25240 | Orc:4    | Found a roughly hewn altar of Beogh.
 25309 | Orc:4    | Found Yshrueveh's Antique Weapon Boutique.
 25738 | Orc:4    | Reached skill level 23 in Axes
 25740 | Orc:4    | Found a staircase to the Elven Halls.
 25912 | Orc:4    | Found a roughly hewn altar of Beogh.
 25918 | Orc:4    | Found Pept's Magic Scroll Boutique.
 25944 | Orc:4    | Bought a scroll of identify for 30 gold pieces
 25949 | Orc:4    | Found Cilos's Jewellery Shop.
 25954 | Orc:4    | Bought a cursed amulet of inaccuracy for 30 gold pieces
 26214 | Orc:4    | Found Cimegud's Assorted Antiques.
 26244 | Orc:4    | Bought a lumpy cyan potion for 20 gold pieces
 26244 | Orc:4    | Bought a scroll of identify for 46 gold pieces
 26244 | Orc:4    | Bought a shiny plate armour for 529 gold pieces
 26345 | Orc:4    | Reached XP level 16. HP: 130/146 MP: 24/25
 26666 | D:13     | Noticed Erolcha
 26673 | D:13     | Killed Erolcha
 27004 | D:13     | Found Eqeyl's General Store.
 27108 | D:13     | Found a gate to the Vaults.
 27119 | D:13     | Reached skill level 24 in Axes
 27616 | D:14     | Got a heavily runed bone amulet
 27620 | D:14     | Noticed Josephine
 27625 | D:14     | Killed Josephine
 27779 | D:14     | Noticed Roxanne
 27803 | D:14     | Killed Roxanne
 27805 | D:14     | Identified Roxanne's Compendium of Earth and Transformation (You took it off Roxanne on level 14 of the Dungeon)
 28321 | D:15     | Entered Level 15 of the Dungeon
 28321 | D:15     | Found a snail-covered altar of Cheibriados.
 28330 | D:15     | Reached skill level 25 in Axes
 28331 | D:15     | Noticed Agnes
 28342 | D:15     | Killed Agnes
 28680 | D:15     | Found a white marble altar of Elyvilon.
 28752 | D:15     | Reached skill level 26 in Axes
 28771 | D:15     | Reached XP level 17. HP: 152/152 MP: 26/26
 28777 | D:15     | Found a staircase to the Depths.
 28961 | D:15     | Identified the amulet of Peameyro {+Rage Int+3 SInv} (You found it on level 14 of the Dungeon)
 29283 | D:11     | Killed Nergalle
 29451 | Orc:4    | Bought an uncursed ring of poison resistance for 300 gold pieces
 29774 | Spider:1 | Entered Level 1 of the Spider Nest
 30794 | Spider:2 | Reached skill level 27 in Axes
 30805 | Spider:2 | Noticed Frances
 30820 | Spider:2 | Gained mutation: Armour fits poorly on your strangely shaped body. [a neqoxec]
 30820 | Spider:2 | Killed Frances
 30824 | Spider:2 | Reached skill level 5 in Shields
 31371 | Spider:2 | Noticed Arachne
 31388 | Spider:2 | Killed Arachne
 31783 | Spider:3 | Noticed Norris
 31784 | Spider:3 | Paralysed by Norris for 4 turns
 31822 | Spider:2 | Killed Norris
 32086 | Spider:3 | Reached skill level 15 in Fighting
 32339 | Spider:4 | Entered Level 4 of the Spider Nest
 32452 | Spider:4 | Reached XP level 18. HP: 153/163 MP: 27/27
 32508 | Spider:4 | Noticed Louise
 32519 | Spider:4 | Killed Louise
 33575 | Spider:4 | Got a gossamer rune of Zot
 34298 | Lair:6   | Got a distressingly furry cloak
 34485 | Lair:6   | Identified the +1 cloak "Rishoss" {rElec} (You found it on level 6 of the Lair of Beasts)
 34568 | Swamp:1  | Entered Level 1 of the Swamp
 36378 | Swamp:3  | Found a frozen archway.
 36417 | IceCv    | Entered an ice cave
 36543 | IceCv    | Reached XP level 19. HP: 160/183 MP: 28/28
 36787 | IceCv    | Gained mutation: Your muscles are strong. (Str +2) [potion of beneficial mutation]
 37063 | IceCv    | Noticed an Ice Fiend
 37067 | IceCv    | Killed an Ice Fiend
 37318 | Swamp:3  | Noticed Mara
 37326 | Swamp:3  | Noticed kae's illusion
 37347 | Swamp:3  | Killed kae's illusion
 37359 | Swamp:3  | Killed Mara
 37774 | Swamp:3  | Noticed Jorgrun
 37782 | Swamp:3  | Killed Jorgrun
 37790 | Swamp:3  | Noticed Kirke
 37800 | Swamp:3  | Killed Kirke
 38353 | Swamp:4  | Entered Level 4 of the Swamp
 39351 | Swamp:4  | Got a decaying rune of Zot
 39913 | Vaults:1 | Entered Level 1 of the Vaults
 40157 | Vaults:1 | Gained mutation: You are frail (-10% HP). [a shining eye]
 40284 | Vaults:1 | Reached skill level 15 in Invocations
 40478 | Vaults:1 | Reached XP level 20. HP: 172/178 MP: 31/31
 41139 | Vaults:2 | Found Oxeugab's Armour Shop.
 42778 | Vaults:3 | Reached XP level 21. HP: 169/184 MP: 30/35
 43254 | Vaults:3 | Found a staircase to the Crypt.
 43396 | Vaults:4 | Cast into the Abyss (a deep elf sorcerer)
 43485 | Abyss:1  | Gained mutation: Potions and wands are less effective at restoring your health. [a neqoxec]
 43921 | Abyss:1  | HP: 7/185 [bone dragon (3)]
 43935 | Abyss:1  | Gained mutation: You tend to lose your temper in combat. [a neqoxec]
 44008 | Abyss:1  | HP: 7/186 [starcursed mass/accursed screaming (7)]
 44018 | Abyss:1  | HP: 9/186 [spatial maelstrom (2)]
 44018 | Abyss:1  | Killed from afar by a starcursed mass

Vault maps used:
D:1:      dpeg_arrival_houses_and_road, minmay_quantized
D:2:      nicolae_dithmenos_through_a_glass_darkly, serial_forest,
          infiniplex_forest_lined_3, infiniplex_forest_lined_3,
          infiniplex_forest_lined_3, infiniplex_forest_clump_small,
          infiniplex_forest_straight_3, infiniplex_forest_clump_cross
D:3:      lightli_temple_of_fire
D:4:      grunt_temple_overflow_gold_and_silver,
          gammafunk_temple_overflow_elements
D:5:      first_bread, lemuel_blue_sif_altar
D:6:      uniq_grinder
D:7:      minmay_temple_entry_fiery, serial_shops, shop
D:9:      minmay_four_partial_circles, uniq_gastronok
D:10:     hangedman_cross_veins, grunt_lair_entry_elf_guard_hut
D:11:     uniq_nergalle
D:12:     lemuel_bear_cage, david_orc_3
D:13:     david_vaults_1, serial_shops, nicolae_shop_trees, minivault_22,
          uniq_erolcha
D:14:     uniq_roxanne, uniq_josephine
D:15:     gammafunk_enter_depths_forms, elyvilon_altar_5, basic_altar,
          corner_web_ring, uniq_agnes
Temple:   nicolae_temple_figure_eight
Lair:1:   lemuel_fruit_fields, uniq_grum
Lair:2:   grunt_megastairs_2, serial_bayou_shore_a
Lair:3:   infiniplex_staircase_pool_2, uniq_snorg
Lair:4:   serial_bayou_shore_b
Lair:5:   nicolae_swamp_entry_splash_gauntlet
Lair:6:   dpeg_oklob_gauntlet, spider_nest_entry_funnel_web, lemuel_fruit_fields
Lair:7:   grunt_megastairs_4
Lair:8:   wormcave, minmay_slime_entry_oklob_enclosed, minmay_hedge_maze,
          uniq_nessos
Swamp:1:  hangedman_swamp_cone, swamp_pool5
Swamp:2:  nicolae_swamp_feature_on_the_river_bank, swamp_pool5
Swamp:3:  portal_ice_cave_entry_imps, infiniplex_staircase_pool, uniq_jorgrun,
          uniq_kirke, uniq_mara
Swamp:4:  swamp_icy, swamp_pool1
Spider:2: nicolae_spider_stair_cavern, uniq_frances, uniq_arachne
Spider:3: uniq_norris
Spider:4: grunt_spider_rune_parallel, spider_trap,
          nicolae_spider_webs_and_nodes, uniq_louise
Orc:1:    serial_shops, shop, special_room
Orc:2:    serial_shops, nicolae_shop_trees, nicolae_shop_overgrown_old_shop,
          shop_statue, minmay_orc_temple_b, uniq_maud, uniq_urug
Orc:3:    nicolae_orc_pool_cavern, uniq_donald, uniq_harold
Orc:4:    pubby_orc_utopia
Vaults:1: hangedman_vaults_hat, v_pattern_5, v_misc_19,
          nicolae_vaults_yaktaur_gun_rack, nicolae_vaults_twisting_passages,
          vaults_standard_mumra_lines, ontoclasm_vaults_ligature, v_misc_22,
          vaults_mumra_hex, v_alt_pattern_1, nicolae_vaults_circle_grid_a,
          vaults_dpeg_ring
Vaults:2: grunt_vaults_funnel, nicolae_vaults_big_ls,
          nicolae_vaults_hallways_thing, hangedman_vaults_stretched_pinwheel,
          dpeg_vaults_monster_box
Vaults:3: vaults_room_semicircle, minmay_crypt_entry_simple_statues,
          hangedman_vaults_slither, ontoclasm_vaults_hangar, v_misc_9, v_misc_3,
          nicolae_vaults_asterisk, nicolae_vaults_asterisk, v_misc_12,
          nicolae_vaults_stairing_the_circle, v_pattern_4,
          vaults_room_guarded_vault, vaults_room_stairs_pillars,
          ontoclasm_vaults_pinch
Vaults:4: v_misc_25, vaults_room_ringed_pool, nicolae_vaults_little_squares_3,
          vaults_mumra_chevron, nicolae_vaults_little_squares_4,
          nicolae_vaults_little_squares_1, hangedman_vaults_impose,
          ontoclasm_vaults_spin, uniq_margery, uniq_sojobo
IceCv:    ice_cave_caverns_01

Action                   |  1- 3 |  4- 6 |  7- 9 | 10-12 | 13-15 | 16-18 | 19-21 || total
-------------------------+-------+-------+-------+-------+-------+-------+-------++-------
Melee: War axe           |    85 |   176 |   348 |   206 |       |       |       ||   815
       Broad axe         |       |       |       |   605 |  1381 |  1445 |  1364 ||  4795
Invok: Upheaval          |       |       |       |     3 |    12 |    20 |       ||    35
  Use: Scroll            |       |     2 |    12 |    12 |    12 |     7 |     8 ||    53
       Potion            |       |     1 |     3 |     3 |     1 |     1 |     4 ||    13
 Stab: Distracted        |       |       |       |       |       |       |     1 ||     1
  Eat: Chunk             |     1 |     7 |    19 |    17 |    34 |    21 |    18 ||   117
       Fruit             |       |       |     1 |       |       |     5 |       ||     6
       Beef jerky        |       |       |       |     1 |     2 |       |       ||     3
       Bread ration      |       |       |       |     1 |       |       |     1 ||     2
       Pizza             |       |       |       |       |     1 |     2 |     1 ||     4
       Meat ration       |       |       |       |       |       |     1 |     1 ||     2
